 Dungeon Crawl Stone Soup version 0.18.1-6-gd335043 (webtiles) character file.

1525028 HungrySpirit the Conqueror (level 27, 275/323 HPs)
             Began as an Ogre Arcane Marksman on May 15, 2016.
             Was the Champion of Okawaru.
             Escaped with the Orb
             ... and 3 runes!
             The game lasted 02:59:25 (86917 turns).

HungrySpirit the Conqueror (Ogre Arcane Marksman)  Turns: 86917, Time: 02:59:26

Health: 275/323    AC: 39    Str: 47    XL:     27
Magic:  38/38      EV:  7    Int: 10    God:    Okawaru [******]
Gold:   1745       SH:  0    Dex:  4    Spells: 0 memorised, 28 levels left

rFire  + + .     SeeInvis +     H - +5 giant spiked club of the Fifty Mice {crush, MR+}
rCold  + + +     Gourm    .     F - +5 gold dragon armour
rNeg   + + +     Faith    .     (shield currently unavailable)
rPois  +         Spirit   .     U - +2 hat
rElec  +         Dismiss  .     k - +0 cloak of Light {rElec rF+ rC+ MP+9}
rCorr  .         Reflect  .     (gloves unavailable)
SustAt .         Harm     .     (boots unavailable)
MR     ++...                    W - amulet of regeneration
Stlth  ..........               X - ring of Zaghesi {rPois rC+ Str+6 SInv Stlth-}
                                A - ring "Erghazoa" {rN+++ MR- Str+6 Dex-5 SInv}

@: very resistant to hostile enchantments, extremely unstealthy
A: unfitting armour, yellow scales 2, blink, dopey 1, strong 1, tough skin 1,
wild magic 1
a: Blink, Heroism, Finesse, Renounce Religion
0: Orb of Zot
}: 3/15 runes: decaying, serpentine, slimy


You escaped.
You worshipped Okawaru.
Okawaru was exalted by your worship.
You were not hungry.

You visited 11 branches of the dungeon, and saw 55 of its levels.
You visited the Abyss 2 times.
You also visited: Labyrinth, Sewer, Ice Cave and Wizlab.

You collected 5792 gold pieces.
You spent 4047 gold pieces at shops.

Inventory:

Hand Weapons
 d - a +5 giant spiked club of freezing
 H - the +5 giant spiked club of the Fifty Mice (weapon) {crush, MR+}
   (Okawaru gifted it to you on level 5 of the Depths)

   It inflicts extra damage upon your enemies.
   It affects your resistance to hostile enchantments.
Missiles
 r - 114 large rocks (quivered)
 w - a throwing net
Armour
 k - the +0 cloak of Light (worn) {rElec rF+ rC+ MP+9}
   (You acquired it on level 2 of the Snake Pit)

   It protects you from fire.
   It protects you from cold.
   It insulates you from electricity.
   It affects your magic capacity (+9).
 l - the +0 fire dragon armour "Xiffot" {rPois rF++ rC- rN+}
   (You bought it in a shop on level 1 of the Vaults)

   It greatly protects you from fire.
   It makes you vulnerable to cold.
   It protects you from poison.
   It protects you from negative energy.
 u - the +5 fire dragon armour of the Wasteland {rF++ rC- Str+4}
   (Okawaru gifted it to you on level 15 of the Dungeon)

   It affects your strength (+4).
   It greatly protects you from fire.
   It makes you vulnerable to cold.
 F - a +5 gold dragon armour (worn)
 U - a +2 hat (worn)
Jewellery
 A - the ring "Erghazoa" (left hand) {rN+++ MR- Str+6 Dex-5 SInv}
   (You found it on level 6 of the Pits of Slime)

   [ring of strength]

   It affects your strength (+6).
   It affects your dexterity (-5).
   It renders you almost immune to negative energy.
   It affects your resistance to hostile enchantments.
   It lets you see invisible.
 S - an uncursed ring of resist corrosion
 V - the ring "Sazeh" {SustAt rC+}
   (You found it on level 4 of the Lair of Beasts)

   [ring of sustain attributes]

   It sustains your strength, intelligence and dexterity.
   It protects you from cold.
 W - an amulet of regeneration (around neck)
 X - the ring of Zaghesi (right hand) {rPois rC+ Str+6 SInv Stlth-}
   (You found it on level 8 of the Lair of Beasts)

   [ring of strength]

   It affects your strength (+6).
   It protects you from cold.
   It protects you from poison.
   It lets you see invisible.
   It makes you less stealthy.
Wands
 n - a wand of teleportation (5/9)
 p - a wand of teleportation (4/9)
 s - a wand of disintegration (14/24)
 I - a wand of digging (6/24)
Scrolls
 b - 8 scrolls of teleportation
 e - 6 scrolls of recharging
 j - 31 scrolls of remove curse
 m - 9 scrolls of noise
 o - 6 scrolls of fog
 v - a scroll of magic mapping
 y - 11 scrolls of amnesia
 E - a scroll of fear
 G - a scroll of blinking
 M - a scroll of brand weapon
 O - 8 scrolls of identify
Potions
 a - 3 potions of agility
 g - a potion of invisibility
 i - 3 potions of mutation
 q - 4 potions of might
 t - 14 potions of lignification
 x - 6 potions of cancellation
 z - 16 potions of curing
 B - 13 potions of flight
 C - 2 potions of cure mutation
 J - 5 potions of ambrosia
 L - 9 potions of brilliance
 P - 2 potions of berserk rage
 T - 2 potions of magic
Comestibles
 c - a slice of pizza
 f - 24 bread rations
 h - 4 meat rations
 D - a beef jerky


   Skills:
 O Level 27 Fighting
 + Level 26.2 Maces & Flails
 + Level 16.6 Throwing
 + Level 25.6 Armour
 - Level 1.7 Dodging
 - Level 1.2 Spellcasting
   Level 2.1 Hexes
 - Level 9.0 Invocations


You had 28 spell levels left.
You didn't know any spells.

Dungeon Overview and Level Annotations

Branches:
Dungeon (15/15)            Temple (1/1) D:6            Lair (8/8) D:10
  Swamp (4/4) Lair:5        Snake (4/4) Lair:5        Slime (6/6) Lair:8
    Orc (2/2) D:12            Elf (1/3) Orc:2        Vaults (4/5) D:13
  Crypt (0/3) Vaults:2     Depths (5/5) D:15            Zot (5/5) Depths:5

Altars:
Ashenzari
Cheibriados
Dithmenos
Elyvilon
Fedhas
Gozag
Kikubaaqudgha
Makhleb
Nemelex Xobeh
Okawaru
Pakellas
Qazlal
Ru
Sif Muna
Trog
Vehumet
Xom
Yredelemnul
Zin
The Shining One
Beogh
Jiyva

Shops:
D:9 *   D:11 [(!   D:13 =   Orc:2 %*:[   Snake:1 %=!!:   Vaults:1 [
Vaults:3 =[   Vaults:4 *   Depths:1 }   Depths:2 *}[   Depths:4 [   Depths:5 [

Portals:
Hell: Depths:1 Depths:2 Depths:4 Depths:5
Abyss: Depths:2 Depths:4 Depths:5
Pandemonium: Depths:1 Depths:2 Depths:4
Ziggurat: Depths:2

Annotations:
D:4 exclusion: downstairs
Depths:4 exclusion: upstairs
Depths:5 exclusion: orange crystal statue


Innate Abilities, Weirdness & Mutations

You are too large for most types of armour.
You have tough skin (AC +1).
You are mostly covered in yellow scales (AC +3).
You can translocate small distances at will.
You are dopey. (Int -2)
Your muscles are strong. (Str +2)
Your spells are a little harder to cast, but a little more powerful.


Message History

The Orb Guardian hits you but does no damage.
You hammer the Orb Guardian like a gong!!!!
You kill the Orb Guardian!
Okawaru accepts your kill.
No target in view!
No target in view!
You see here a club.
Zualeor comes into view.
Zualeor says, "Tremble, thou gorbellied mumble-news dandiprat!"
Zualeor gestures at you.
The damnation unfurls!
The damnation engulfs you!
You hear a roar!
Zualeor gestures at you. The spray of metal splinters hits you!
Zualeor hits you but does no damage. Zualeor gestures at you.
The damnation unfurls!
The damnation engulfs you!
There is a staircase leading out of the dungeon here.
Zualeor hits you!!
You have escaped!

#.........................'.#.'
#..........######..#####..#####
###..........###.....# #..'.#.'
.............>...#..## #..#####
###.............##..# #..'.#.'
##........#.......# ##.#####
##......#...##.### #.'.#.'
########.....########## #.#####
......)..##....&@.....# #......
###########.#.#######.# #.#...#
##.....#.# #.# #.#####.#...#
###..#####.# #.# #...........#
#...## ###.###.######....#####
##.### ##.....#.......>#..#
##..# ##..............###.####
##..## #................##....#
...## #................##.##.##


You could see Zualeor.

Vanquished Creatures
  the Royal Jelly (Slime:6)
  A pandemonium lord (Depths:4)
  4 orbs of fire
  2 ancient liches (Zot:5)
  3 juggernauts
  Sojobo (Vaults:2)
  Boris (Vaults:4)
  Margery (Vaults:4)
  Saint Roka (Depths:4)
  2 Killer Klowns (Zot:5)
  3 curse toes
  A caustic shrike (Depths:4)
  2 bone dragons
  6 golden dragons
  A Tzitzimitl (Depths:3)
  5 electric golems
  A Brimstone Fiend (Depths:5)
  Jorgrun (Vaults:1)
  A lich (Vaults:1)
  12 tentacled monstrosities
  25 Orb Guardians
  A titan (Depths:4)
  2 sphinxes
  Gastronok (Lair:3)
  19 acid blobs
  19 tentacled starspawn
  5 death cobs
  A thorn hunter (Swamp:2)
  An Executioner (Abyss:2)
  11 storm dragons
  5 tengu reavers
  8 greater nagas
  6 shadow dragons
  7 draconian monks
  7 frost giants
  Wiglaf (Vaults:2)
  6 azure jellies
  5 fire giants
  2 ghost moths
  Maud (Lair:5)
  2 iron dragons
  6 draconian knights
  Louise (Snake:1)
  2 deep elf sorcerers
  2 cacodemons
  Aizul (Vaults:2)
  4 draconian shifters
  3 vault wardens
  A balrug (Depths:2)
  2 draconian scorchers (Zot:1)
  An angel (Abyss:4)
  6 draconian zealots
  13 ironheart preservers
  6 draconian annihilators
  5 draconian callers
  20 stone giants
  25 very ugly things
  5 black draconians
  3 vampire knights
  A lorocyproca (Abyss:4)
  6 green draconians
  A deep elf demonologist (Vaults:2)
  2 salamander stormcallers
  18 yellow draconians
  10 purple draconians
  7 spark wasps
  11 mottled draconians
  15 red draconians
  9 white draconians
  13 ettins
  A minotaur (Lab)
  6 death oozes
  2 deep elf death magi
  2 eidola
  16 fire dragons
  6 vault guards
  2 green deaths
  3 jiangshi
  8 great orbs of eyes
  2 blizzard demons
  9 rakshasas
  11 ogre magi
  A crystal guardian (Vaults:1)
  12 ice dragons
  12 yaktaur captains
  7 spriggan air magi
  9 anacondas
  16 naga warriors
  5 entropy weavers
  24 hydras
  A juggernaut simulacrum (Depths:1)
  A satyr (shapeshifter) (Vaults:1)
  9 centaur warriors
  7 alligators
  10 deep troll earth magi
  5 deep troll shamans
  2 death knights (Vaults:2)
  5 death yaks (Lair:8)
  3 orc high priests (Orc:2)
  A hell hog (Abyss:5)
  3 vampire magi
  8 tengu warriors
  8 thrashing horrors
  Urug (Lair:4)
  12 naga sharpshooters
  8 shock serpents
  9 spriggan berserkers
  11 wretched stars
  A deep elf knight (Vaults:1)
  28 large abominations
  Nergalle (Lair:3)
  3 soul eaters
  4 skeletal warriors
  A fire crab (Vaults:3)
  2 salamander mystics
  An iron troll (Depths:4)
  9 hell knights
  2 death drakes
  9 swamp dragons
  5 shadow wraiths
  4 unseen horrors
  3 spatial maelstroms
  23 deep trolls
  4 flayed ghosts
  2 spriggan druids (Swamp:4)
  A swamp dragon (shapeshifter) (Depths:5)
  4 shambling mangroves
  4 deep elf archers
  11 giant orange brains
  10 hill giants
  20 orc knights
  A phantasmal warrior (Depths:3)
  3 wolf spider zombies
  7 naga ritualists
  15 deep elf magi
  13 ironbrand convokers
  A harpy (shapeshifter) (Depths:1)
  10 orc sorcerers
  2 stone giant zombies
  5 wolf spiders
  A harpy (Vaults:3)
  10 necromancers
  7 mana vipers
  5 wizards
  A manticore (D:15)
  6 hornets
  3 frost giant zombies
  4 griffons
  19 salamanders
  5 sixfirhies
  7 cyclopes
  A manticore (shapeshifter) (Vaults:1)
  70 ugly things
  4 shining eyes
  7 guardian serpents
  2 centaur zombies (D:15)
  18 moths of wrath
  4 apocalypse crabs
  5 worldbinders
  44 black mambas
  10 elephants
  23 naga magi
  A frost giant skeleton (Depths:2)
  2 fire giant skeletons
  6 vault sentinels
  2 ice statues (IceCv)
  7 orange demons
  7 smoke demons
  A demonspawn skeleton (WizLab)
  2 eyes of devastation
  15 spiny frogs
  5 gargoyles
  A stone giant skeleton (Vaults:2)
  2 spiny frogs (shapeshifter)
  5 rime drakes
  2 rime drakes (shapeshifter)
  A komodo dragon (shapeshifter) (Vaults:4)
  32 yaktaurs
  3 kobold demonologists
  A spark wasp simulacrum (Depths:1)
  A tormentor (Depths:4)
  An efreet (D:15)
  An anaconda simulacrum (Depths:3)
  16 ice devils
  9 komodo dragons
  8 freezing wraiths
  4 tengu conjurers
  12 ancient zymes
  A yaktaur skeleton (Vaults:2)
  5 hellwings
  A spectral merfolk (Depths:3)
  A jumping spider (Depths:5)
  5 giant leeches
  A queen bee (Lair:2)
  5 trolls
  31 blink frogs
  19 two-headed ogres
  A raiju (shapeshifter) (Vaults:4)
  23 raiju
  A blink frog (shapeshifter) (Vaults:4)
  9 bog bodies
  8 boulder beetles
  An ettin zombie (Vaults:2)
  72 slime creatures
  A frost giant simulacrum (Vaults:2)
  A spriggan (shapeshifter) (Vaults:1)
  A tarantella (shapeshifter) (Abyss:4)
  13 redbacks
  6 wraiths
  9 air elementals
  4 flying skulls
  3 ynoxinuls
  4 shadows
  5 spriggans
  The ghost of epen the Cutter, an amateur DrCK of Xom (D:3)
  4 vampires
  4 wyverns
  45 yaks
  7 golden eyes
  3 water elementals
  A human (shapeshifter) (Depths:1)
  A golden eye (shapeshifter) (Depths:2)
  A fire elemental (D:15)
  7 hippogriffs
  7 chaos spawn
  3 hungry ghosts
  4 basilisks
  7 wargs
  2 steam dragons
  2 human simulacra
  20 vampire mosquitoes
  6 neqoxecs
  4 mottled dragons
  14 insubstantial wisps
  A swamp worm (shapeshifter) (Depths:2)
  38 nagas
  13 swamp worms
  6 spatial vortices
  A soldier ant (D:14)
  6 hell hounds
  2 human skeletons
  15 porcupines
  2 spectral trolls (Depths:3)
  12 swamp drakes
  16 water moccasins
  44 orc warriors
  A spectral spriggan (Depths:3)
  A tengu skeleton (Depths:1)
  4 ice beasts
  3 sky beasts
  47 starcursed masses
  17 wasps
  A necrophage (D:13)
  3 phantoms
  9 boggarts
  9 wolves
  19 centaurs
  An eye of draining (shapeshifter) (Vaults:1)
  39 ogres
  5 eyes of draining
  A snapping turtle skeleton (Abyss:1)
  12 crocodiles
  A big kobold (shapeshifter) (Depths:4)
  5 big kobolds
  20 giant frogs
  24 small abominations
  A giant frog (shapeshifter) (Depths:2)
  An elf simulacrum (Vaults:1)
  A wyvern skeleton (D:12)
  7 scorpions
  2 spectral ogres (Depths:3)
  A spectral naga (Depths:3)
  25 killer bees
  4 wights (D:11)
  4 howler monkeys (D:11)
  An electric eel (Lair:5)
  8 crimson imps
  A giant frog zombie (D:8)
  4 quasits
  2 centaur skeletons
  3 hounds
  27 jellies
  20 orc priests
  2 iron imps (Abyss:2)
  A giant frog skeleton (D:4)
  10 iguanas
  24 orc wizards
  10 hell rats
  9 worker ants
  A sheep (shapeshifter) (Vaults:3)
  5 sheep (Lair:5)
  A hound skeleton (D:4)
  6 gnolls
  70 river rats
  8 adders
  8 shadow imps
  22 white imps
  8 ufetubi
  6 oozes
  3 adder skeletons
  A worm (shapeshifter) (Depths:4)
  3 worms
  2 dart slugs
  A giant gecko (D:9)
  101 orcs
  3 ball pythons
  7 giant cockroaches
  5 goblins
  9 hobgoblins
  12 jackals
  4 quokkas
  7 bats
  3 giant newts
  A jackal skeleton (D:4)
  31 kobolds
  17 rats
  2 fungi
  A plant (Lair:8)
  19 starspawn tentacles
  2 starspawn tentacle segments
2543 creatures vanquished.

Vanquished Creatures (others)
  A black mamba (Snake:4)
  A vault sentinel (Vaults:3)
  An ancient zyme (Abyss:4)
  A giant leech (Swamp:1)
  A two-headed ogre (Vaults:3)
  A harpy skeleton (D:15)
  A water elemental (D:15)
  A vampire mosquito (Vaults:3)
  2 spatial vortices (Abyss:4)
  A wasp (Swamp:4)
  An ogre (Vaults:3)
  A crocodile (D:15)
  A wolf (Depths:3)
  A jelly (Depths:2)
  A killer bee (Abyss:5)
  3 white imps
  2 ufetubi
  2 ball lightnings
  2 kobolds
  A bat (D:1)
  1590 eldritch tentacle segments (WizLab)
  32 fungi
  2 lurking horrors
  11 plants
  52 starspawn tentacles
  603 starspawn tentacle segments
2316 creatures vanquished.

Grand Total: 4859 creatures vanquished

Notes
Turn   | Place    | Note
--------------------------------------------------------------
     0 | D:1      | HungrySpirit the Ogre Arcane Marksman began the quest for the Orb.
     0 | D:1      | Reached XP level 1. HP: 19/19 MP: 2/2
    42 | D:1      | Reached skill level 2 in Fighting
   424 | D:1      | Reached skill level 1 in Maces & Flails
   424 | D:1      | Reached XP level 2. HP: 28/28 MP: 3/3
   950 | D:1      | Reached XP level 3. HP: 35/35 MP: 4/4
  1852 | D:2      | Reached XP level 4. HP: 38/42 MP: 5/5
  1889 | D:2      | Found a deep blue altar of Sif Muna.
  2355 | D:2      | Reached skill level 5 in Maces & Flails
  2669 | D:3      | Found a stormy altar of Qazlal.
  2844 | D:3      | Noticed epen's ghost (amateur DrCK)
  2919 | D:3      | HP: 2/42 [epen's ghost (1)]
  2925 | D:3      | HP: 3/63 [poisoned by epen's ghost]
  2938 | D:3      | Killed epen's ghost
  2938 | D:3      | Reached XP level 5. HP: 28/49 MP: 6/6
  2938 | D:3      | Reached XP level 6. HP: 32/57 MP: 7/7
  4293 | D:4      | Reached XP level 7. HP: 55/65 MP: 8/8
  4476 | D:5      | Entered Level 5 of the Dungeon
  4528 | D:5      | Reached skill level 10 in Maces & Flails
  4865 | D:5      | Found a sacrificial altar of Ru.
  4941 | D:5      | Found a glowing drain.
  4953 | Sewer    | Entered a sewer
  5208 | Sewer    | Found a white marble altar of Elyvilon.
  5369 | D:5      | Reached XP level 8. HP: 26/72 MP: 9/9
  5388 | D:5      | HP: 2/72 [worker ant (8)]
  6591 | D:5      | Found an ancient bone altar of Kikubaaqudgha.
  6753 | D:5      | Found a sacrificial altar of Ru.
  7600 | D:6      | Found an ancient bone altar of Kikubaaqudgha.
  7888 | D:6      | Found a staircase to the Ecumenical Temple.
  7951 | Temple   | Entered the Ecumenical Temple
  7968 | Temple   | Became a worshipper of Warmaster Okawaru
  8077 | D:6      | Reached XP level 9. HP: 79/79 MP: 10/10
  9058 | D:7      | Found a snail-covered altar of Cheibriados.
  9235 | D:7      | Gained mutation: Your spells are a little harder to cast, but a little more powerful. [potion of mutation]
  9235 | D:7      | Gained mutation: You possess an exceptional clarity of mind. [potion of mutation]
  9235 | D:7      | Gained mutation: You are partially covered in yellow scales (AC +2). [potion of mutation]
  9360 | D:8      | Reached skill level 3 in Fighting
  9413 | D:8      | Reached * piety under Okawaru
  9482 | D:8      | Found a bloodstained altar of Trog.
  9523 | D:8      | Reached skill level 4 in Fighting
  9523 | D:8      | Reached skill level 15 in Maces & Flails
  9738 | D:8      | Found a sparkling altar of Nemelex Xobeh.
 10997 | D:9      | Reached skill level 5 in Fighting
 11088 | D:9      | Reached ** piety under Okawaru
 11096 | D:9      | Reached XP level 10. HP: 92/96 MP: 11/11
 11432 | D:9      | Found Uschorua's Assorted Antiques.
 11442 | D:9      | Bought a dented cabochon amulet for 145 gold pieces
 11442 | D:9      | Bought a scroll labeled QETTEX QIUGHAA for 29 gold pieces
 11442 | D:9      | Bought a scroll labeled WYTWANGION for 29 gold pieces
 11442 | D:9      | Bought a scroll labeled DOSUG DEUJOX for 29 gold pieces
 11442 | D:9      | Bought a potion of curing for 87 gold pieces
 11486 | D:10     | Entered Level 10 of the Dungeon
 11492 | D:10     | Reached skill level 6 in Fighting
 11750 | D:10     | Noticed a hill giant
 11761 | D:10     | Killed a hill giant
 11809 | D:10     | Reached skill level 7 in Fighting
 12197 | D:10     | Found a staircase to the Lair.
 12332 | D:10     | Reached *** piety under Okawaru
 12816 | D:10     | Killed an unseen horror
 13214 | D:10     | Received a gift from Okawaru
 13215 | D:10     | Reached skill level 8 in Fighting
 13998 | D:11     | Reached **** piety under Okawaru
 13998 | D:11     | Reached XP level 11. HP: 83/113 MP: 12/12
 14010 | D:11     | Reached skill level 9 in Fighting
 14231 | D:11     | Found Yroekhly's Distillery.
 14477 | D:11     | Bought a potion of heal wounds for 55 gold pieces
 14477 | D:11     | Bought a potion of heal wounds for 55 gold pieces
 14477 | D:11     | Bought a potion of might for 44 gold pieces
 14539 | D:11     | Found a shimmering altar of Xom.
 14572 | D:11     | Found Ycoru's Weapon Emporium.
 14722 | D:11     | Noticed an eight-headed hydra
 14728 | D:11     | Killed an eight-headed hydra
 15255 | D:11     | Noticed a hill giant
 15334 | D:11     | Killed a hill giant
 15334 | D:11     | Reached ***** piety under Okawaru
 15482 | D:11     | Noticed a hill giant
 15488 | D:11     | Killed a hill giant
 15488 | D:11     | Reached skill level 10 in Fighting
 15957 | D:11     | Found Yxzepteck's Antique Armour Shoppe.
 16200 | D:12     | Received a gift from Okawaru
 16244 | D:12     | Got a steaming giant club {god gift}
 16245 | D:12     | Identified the +4 giant club "Miorgh" {freeze, rF+ Int+2} (Okawaru gifted it to you on level 12 of the Dungeon)
 16435 | D:12     | Found a staircase to the Orcish Mines.
 16545 | D:12     | Noticed a four-headed hydra
 16549 | D:12     | Killed a four-headed hydra
 16788 | D:12     | Noticed a cyclops
 16792 | D:12     | Killed a cyclops
 16792 | D:12     | Reached skill level 11 in Fighting
 16840 | D:12     | Reached XP level 12. HP: 104/130 MP: 13/13
 17584 | D:13     | Found Senax Wes's Jewellery Shoppe.
 17680 | D:13     | Reached skill level 12 in Fighting
 17846 | D:13     | Noticed a centaur warrior
 17852 | D:13     | Killed a centaur warrior
 18004 | D:13     | Noticed a centaur warrior
 18353 | D:13     | Killed a centaur warrior
 18353 | D:13     | Received a gift from Okawaru
 18497 | D:13     | Noticed an eight-headed hydra
 18501 | D:13     | Noticed a centaur warrior
 18889 | Lair:1   | Entered Level 1 of the Lair of Beasts
 18984 | Lair:1   | Received a gift from Okawaru
 18984 | Lair:1   | Reached ****** piety under Okawaru
 19500 | Lair:1   | Noticed a six-headed hydra
 19507 | Lair:1   | Killed a six-headed hydra
 19512 | Lair:1   | Reached skill level 13 in Fighting
 19814 | Lair:1   | Reached XP level 13. HP: 144/144 MP: 14/14
 20148 | Lair:2   | Found a blossoming altar of Fedhas.
 21810 | Lair:2   | Received a gift from Okawaru
 22622 | Lair:3   | Noticed Gastronok
 22642 | Lair:3   | Killed Gastronok
 23197 | Lair:3   | Noticed Nergalle
 23210 | Lair:3   | Killed Nergalle
 23210 | Lair:3   | Reached skill level 14 in Fighting
 23374 | Lair:3   | Reached skill level 1 in Invocations
 23860 | Lair:4   | Got a smoking platinum ring
 23893 | Lair:4   | Received a gift from Okawaru
 24070 | Lair:4   | Noticed Urug
 24074 | Lair:4   | Killed Urug
 24606 | Lair:5   | Found a labyrinth entrance.
 24616 | Lab      | Entered a labyrinth
 24682 | Lab      | Identified the ring "Sazeh" {SustAt rC+} (You found it on level 4 of the Lair of Beasts)
 24707 | Lab      | Noticed a minotaur
 24713 | Lab      | Killed a minotaur
 25332 | Lair:5   | Reached XP level 14. HP: 93/157 MP: 16/16
 25608 | Lair:5   | Noticed Maud
 25617 | Lair:5   | Killed Maud
 26031 | Lair:5   | Found a staircase to the Snake Pit.
 26108 | Lair:5   | Found a staircase to the Swamp.
 27098 | Lair:6   | Reached skill level 15 in Fighting
 27646 | Lair:7   | Found a frozen archway.
 27669 | IceCv    | Entered an ice cave
 28166 | IceCv    | Received a gift from Okawaru
 28176 | IceCv    | Reached skill level 5 in Invocations
 29759 | Lair:8   | Entered Level 8 of the Lair of Beasts
 29951 | Lair:8   | Received a gift from Okawaru
 30498 | Lair:8   | Got a transparent pewter ring
 30939 | Lair:8   | Reached skill level 16 in Fighting
 30939 | Lair:8   | Reached XP level 15. HP: 148/170 MP: 18/20
 30993 | Lair:8   | Found a viscous altar of Jiyva.
 30994 | Lair:8   | Found a staircase to the Slime Pits.
 31820 | Orc:1    | Entered Level 1 of the Orcish Mines
 31830 | Orc:1    | Identified the ring of Zaghesi {rPois rC+ Str+6 SInv Stlth-} (You found it on level 8 of the Lair of Beasts)
 32381 | Orc:2    | Entered Level 2 of the Orcish Mines
 32696 | Orc:2    | Found a roughly hewn altar of Beogh.
 33277 | Orc:2    | Found a staircase to the Elven Halls.
 33406 | Elf:1    | Entered Level 1 of the Elven Halls
 33859 | Elf:1    | Gained mutation: You are mostly covered in yellow scales (AC +3). [potion of beneficial mutation]
 33860 | Elf:1    | Gained mutation: Your flesh is heat resistant. [potion of beneficial mutation]
 34490 | Orc:2    | Found Ilurut's Food Shop.
 34505 | Orc:2    | Received a gift from Okawaru
 34508 | Orc:2    | Found Joeskob's General Store.
 34513 | Orc:2    | Found Senax Wes's Book Shoppe.
 34515 | Orc:2    | Found Udisoh Tamn's Armour Shop.
 34722 | D:13     | Found a deep blue altar of Sif Muna.
 34728 | D:13     | Received a gift from Okawaru
 34728 | D:13     | Reached skill level 1 in Armour
 35267 | D:13     | Found a gate to the Vaults.
 35478 | D:14     | Reached skill level 17 in Fighting
 35547 | D:14     | Received a gift from Okawaru
 35958 | D:14     | Received a gift from Okawaru
 35961 | D:14     | Got a faintly glowing giant club {god gift}
 35962 | D:14     | Identified the +3 giant club "Biuloo Danei" {crush, rPois Int+4} (Okawaru gifted it to you on level 14 of the Dungeon)
 36497 | D:15     | Entered Level 15 of the Dungeon
 37314 | D:15     | Reached XP level 16. HP: 154/184 MP: 22/22
 37523 | D:15     | Received a gift from Okawaru
 37526 | D:15     | Got a bloodstained fire dragon armour {god gift}
 37645 | D:15     | Identified the +5 fire dragon armour of the Wasteland {rF++ rC- Str+4} (Okawaru gifted it to you on level 15 of the Dungeon)
 37836 | D:15     | Found a staircase to the Depths.
 37901 | D:15     | Reached skill level 5 in Throwing
 38254 | Swamp:1  | Entered Level 1 of the Swamp
 38466 | Swamp:1  | Reached skill level 18 in Fighting
 38925 | Swamp:1  | Reached skill level 5 in Armour
 39315 | Swamp:2  | Noticed a thorn hunter
 39329 | Swamp:2  | Killed a thorn hunter
 39620 | Swamp:2  | Found a shadowy altar of Dithmenos.
 40591 | Swamp:3  | Received a gift from Okawaru
 41268 | Swamp:4  | Entered Level 4 of the Swamp
 41614 | Swamp:4  | Reached skill level 19 in Fighting
 41619 | Swamp:4  | Reached XP level 17. HP: 161/198 MP: 23/23
 42346 | Swamp:4  | Got a decaying rune of Zot
 42647 | Snake:1  | Entered Level 1 of the Snake Pit
 42647 | Snake:1  | Noticed Louise
 42652 | Snake:1  | Killed Louise
 42818 | Snake:1  | Received a gift from Okawaru
 42874 | Snake:1  | Gained mutation: You can translocate small distances at will. [potion of beneficial mutation]
 42955 | Snake:1  | Found Fitroth's Book Shoppe.
 43496 | Snake:1  | Found Plog's Distillery.
 43508 | Snake:1  | Reached skill level 10 in Armour
 43514 | Snake:1  | Received a gift from Okawaru
 43607 | Snake:1  | Bought a potion of haste for 130 gold pieces
 43607 | Snake:1  | Bought a potion of curing for 39 gold pieces
 43607 | Snake:1  | Bought a potion of haste for 130 gold pieces
 43607 | Snake:1  | Bought a potion of resistance for 130 gold pieces
 43607 | Snake:1  | Bought a potion of curing for 39 gold pieces
 43649 | Snake:1  | Found Dusywn's Jewellery Shoppe.
 43700 | Snake:1  | Found Zewa's Food Shop.
 43857 | Snake:1  | Found Qoxup's Distillery.
 43865 | Snake:1  | Bought 2 potions of heal wounds for 140 gold pieces
 43865 | Snake:1  | Bought a potion of curing for 42 gold pieces
 43865 | Snake:1  | Bought a potion of curing for 42 gold pieces
 43865 | Snake:1  | Bought a potion of haste for 140 gold pieces
 44518 | Snake:2  | Identified a scroll of acquirement
 44521 | Snake:2  | Got a dazzling cloak
 44532 | Snake:2  | Identified the +0 cloak of Light {rElec rF+ rC+ MP+9} (You acquired it on level 2 of the Snake Pit)
 45423 | Snake:3  | Reached skill level 20 in Fighting
 46079 | Snake:3  | Received a gift from Okawaru
 46597 | Snake:3  | Reached XP level 18. HP: 199/210 MP: 24/24
 46845 | Snake:4  | Entered Level 4 of the Snake Pit
 47953 | Snake:4  | Received a gift from Okawaru
 48422 | Snake:4  | Received a gift from Okawaru
 48994 | Snake:4  | Reached skill level 21 in Fighting
 49462 | Snake:4  | Got a serpentine rune of Zot
 50607 | Vaults:1 | Entered Level 1 of the Vaults
 50610 | Vaults:1 | Found a magical portal.
 50639 | WizLab   | Entered The Roulette of Golubria
 50643 | WizLab   | Found a corrupted altar of Lugonu.
 50772 | WizLab   | Found a corrupted altar of Lugonu.
 51043 | WizLab   | Got a polished cloak
 51057 | WizLab   | Reached XP level 19. HP: 224/224 MP: 25/25
 51064 | WizLab   | Identified the +2 cloak of Nucw {+Inv rN++ Dex-4} (You found it in a wizard's laboratory)
 51074 | WizLab   | Noticed a lich
 51316 | Vaults:1 | Noticed a lich
 51711 | Slime:1  | Entered Level 1 of the Pits of Slime
 51719 | Slime:1  | Received a gift from Okawaru
 52407 | Slime:6  | Entered Level 6 of the Pits of Slime
 52674 | Slime:6  | Gained mutation: Scrolls take you a little longer to read. [a shining eye]
 52677 | Slime:6  | Received a gift from Okawaru
 52681 | Slime:6  | Noticed the Royal Jelly
 52688 | Slime:6  | Reached skill level 22 in Fighting
 53498 | Depths:1 | Entered Level 1 of the Depths
 53498 | Depths:1 | Found Xiokhlah's Quality Used Wands.
 54462 | Depths:1 | Reached skill level 15 in Armour
 54471 | Depths:1 | Gained mutation: Your body sometimes deteriorates upon taking damage. [a cacodemon]
 54484 | Depths:1 | Found a one-way gate leading to the halls of Pandemonium.
 54570 | Depths:1 | Found a gateway to Hell.
 55030 | Depths:2 | Noticed a golden dragon
 55355 | Depths:2 | Received a gift from Okawaru
 55631 | Depths:1 | Reached XP level 20. HP: 85/239 MP: 26/26
 56040 | Depths:2 | Killed a golden dragon
 56126 | Depths:2 | Found a one-way gate to the infinite horrors of the Abyss.
 56826 | Depths:2 | Received a gift from Okawaru
 56878 | Depths:2 | Got a faintly glowing giant club {god gift}
 56889 | Depths:2 | Identified the +1 giant club "Miproheu" {freeze, *Rage rN++ Str+5} (Okawaru gifted it to you on level 2 of the Depths)
 57192 | Depths:2 | Reached skill level 23 in Fighting
 57299 | Depths:2 | Found a gateway to a ziggurat.
 58019 | Depths:2 | Found Ofoqemuer's General Store.
 58027 | Depths:2 | Bought a scroll of enchant armour for 165 gold pieces
 58162 | Depths:2 | Found Plog's Gadget Boutique.
 58183 | Depths:2 | Found Woluhila's Armour Boutique.
 58637 | Depths:2 | Received a gift from Okawaru
 59499 | Depths:4 | Found Peush's Antique Armour Shop.
 59736 | Depths:4 | Noticed a golden dragon
 60494 | Depths:4 | Received a gift from Okawaru
 60583 | Depths:4 | Got a warped granite ring
 60886 | Depths:4 | Reached XP level 21. HP: 162/250 MP: 27/27
 60936 | Depths:4 | Noticed a juggernaut
 60945 | Depths:4 | Killed a juggernaut
 61337 | Depths:4 | Noticed a juggernaut
 61344 | Depths:4 | Killed a juggernaut
 61346 | Depths:4 | Noticed a caustic shrike
 61353 | Depths:4 | Killed a caustic shrike
 61873 | Depths:4 | Reached skill level 24 in Fighting
 61891 | Depths:4 | Noticed Saint Roka
 62232 | Depths:4 | Killed Saint Roka
 62540 | Depths:4 | Got a pitted cloak
 62543 | Depths:4 | Identified the +2 cloak "Xaipite" {rC- Int+7} (You found it on level 4 of the Depths)
 62546 | Depths:4 | Identified the ring "Hesibbua" {*Tele rElec Str+2} (You took it off a yaktaur captain on level 4 of the Depths)
 62978 | Depths:3 | Noticed a Tzitzimitl
 62985 | Depths:3 | Killed a Tzitzimitl
 63770 | Depths:5 | Entered Level 5 of the Depths
 64123 | Depths:5 | Received a gift from Okawaru
 64246 | Depths:5 | Got a bone giant spiked club {god gift}
 64249 | Depths:5 | Identified the +5 giant spiked club of the Fifty Mice {crush, MR+} (Okawaru gifted it to you on level 5 of the Depths)
 64288 | Depths:5 | Reached XP level 22. HP: 119/265 MP: 28/28
 65245 | Depths:5 | Found a gate to the Realm of Zot.
 65514 | Depths:5 | Received a gift from Okawaru
 66093 | Depths:5 | Received a gift from Okawaru
 66094 | Depths:5 | Found Ceremn's Antique Armour Shop.
 66096 | Depths:5 | Got a translucent giant club {god gift}
 66099 | Depths:5 | Identified the +1 giant club of Currency {crush, rC+ MP+9} (Okawaru gifted it to you on level 5 of the Depths)
 66130 | Depths:5 | Noticed a juggernaut
 66143 | Depths:5 | Killed a juggernaut
 66143 | Depths:5 | Reached skill level 25 in Fighting
 66669 | Depths:5 | Voluntarily entered the Abyss.
 67342 | Abyss:2  | Received a gift from Okawaru
 67585 | Abyss:2  | Gained mutation: You are dopey. (Int -2) [a neqoxec]
 67621 | Depths:5 | Escaped the Abyss
 68059 | D:13     | Bought an uncursed amulet of regeneration for 480 gold pieces
 68144 | Vaults:1 | Reached XP level 23. HP: 258/276 MP: 29/29
 68151 | Vaults:1 | Noticed Jorgrun
 68160 | Vaults:1 | Killed Jorgrun
 68310 | Vaults:1 | Received a gift from Okawaru
 68316 | Vaults:1 | Got an encrusted pearl dragon armour {god gift}
 68319 | Vaults:1 | Identified the +10 pearl dragon armour of Vetestif {rN+ Stlth+} (Okawaru gifted it to you on level 1 of the Vaults)
 69032 | Vaults:1 | Found Sutu's Antique Armour Shop.
 69037 | Vaults:1 | Bought a polished fire dragon armour for 1885 gold pieces
 69047 | Vaults:1 | Identified the cursed +0 fire dragon armour "Xiffot" {rPois rF++ rC- rN+} (You bought it in a shop on level 1 of the Vaults)
 69274 | Vaults:2 | Found a staircase to the Crypt.
 69362 | Vaults:2 | Noticed Wiglaf
 69376 | Vaults:2 | Killed Wiglaf
 69635 | Vaults:2 | Reached skill level 26 in Fighting
 70018 | Vaults:2 | Noticed Aizul
 70028 | Vaults:2 | Killed Aizul
 70308 | Vaults:2 | Noticed Sojobo
 70316 | Vaults:2 | Received a gift from Okawaru
 70331 | Vaults:2 | Killed Sojobo
 70641 | Vaults:2 | Gained mutation: Armour fits poorly on your strangely shaped body. [a neqoxec]
 70753 | Vaults:2 | Lost mutation: Your body sometimes deteriorates upon taking damage. [potion of cure mutation]
 70753 | Vaults:2 | Lost mutation: Your flesh is heat resistant. [potion of cure mutation]
 70753 | Vaults:2 | Lost mutation: Armour fits poorly on your strangely shaped body. [potion of cure mutation]
 70753 | Vaults:2 | Lost mutation: You possess an exceptional clarity of mind. [potion of cure mutation]
 71278 | Vaults:3 | Received a gift from Okawaru
 71521 | Vaults:3 | Reached XP level 24. HP: 291/291 MP: 29/29
 71558 | Vaults:3 | Found Koinean's Armour Boutique.
 72020 | Vaults:3 | Found Qura's Jewellery Shoppe.
 72031 | Vaults:3 | Bought a cursed ring of loudness for 72 gold pieces
 72445 | Vaults:4 | Noticed Boris
 72456 | Vaults:4 | Killed Boris
 72557 | Vaults:4 | Noticed Margery
 72571 | Vaults:4 | Killed Margery
 72776 | Vaults:4 | Got a smelly storm dragon armour
 72779 | Vaults:4 | Identified the +3 storm dragon armour of Ronnauw {rElec rN+ Int-5 Dex+3} (You acquired it on level 4 of the Vaults)
 72822 | Vaults:4 | Found Ziff's Assorted Antiques.
 72832 | Vaults:4 | Bought a potion of curing for 84 gold pieces
 72832 | Vaults:4 | Bought a scroll of identify for 56 gold pieces
 73083 | Vaults:4 | Received a gift from Okawaru
 74033 | Depths:2 | Voluntarily entered the Abyss.
 74438 | Abyss:2  | Found a burning altar of Makhleb.
 75163 | Abyss:3  | Found a corrupted altar of Lugonu.
 75169 | Abyss:4  | Found a shattered altar of Ashenzari.
 75169 | Abyss:4  | Found an iron altar of Okawaru.
 75169 | Abyss:4  | Found a deep blue altar of Sif Muna.
 75169 | Abyss:4  | Found a bloodstained altar of Trog.
 75169 | Abyss:4  | Found an opulent altar of Gozag.
 75169 | Abyss:4  | Found a snail-covered altar of Cheibriados.
 75169 | Abyss:4  | Found a basalt altar of Yredelemnul.
 75169 | Abyss:4  | Found a stormy altar of Qazlal.
 75169 | Abyss:4  | Found a blossoming altar of Fedhas.
 75169 | Abyss:4  | Found an ancient bone altar of Kikubaaqudgha.
 75169 | Abyss:4  | Found a glowing silver altar of Zin.
 75169 | Abyss:4  | Found a radiant altar of Vehumet.
 75171 | Abyss:4  | Found a white marble altar of Elyvilon.
 75171 | Abyss:4  | Found a glowing golden altar of the Shining One.
 75171 | Abyss:4  | Found a shimmering altar of Xom.
 75173 | Abyss:4  | Found a burning altar of Makhleb.
 75173 | Abyss:4  | Found a sparkling altar of Nemelex Xobeh.
 75173 | Abyss:4  | Found a shadowy altar of Dithmenos.
 75393 | Abyss:4  | Reached skill level 10 in Throwing
 75484 | Abyss:4  | Reached XP level 25. HP: 231/240 MP: 29/29
 75749 | Abyss:4  | Received a gift from Okawaru
 75933 | Abyss:5  | Entered Level 5 of the Abyss
 76155 | Abyss:5  | Paralysed by accursed screaming for 2 turns
 76535 | Depths:2 | Escaped the Abyss
 77175 | Slime:6  | Found a viscous altar of Jiyva.
 77584 | Slime:6  | Killed the Royal Jelly
 77584 | Slime:6  | Received a gift from Okawaru
 78087 | Slime:6  | Got a bound bronze ring
 78100 | Slime:6  | Identified the ring "Erghazoa" {rN+++ MR- Str+6 Dex-5 SInv} (You found it on level 6 of the Pits of Slime)
 78147 | Slime:6  | Got a slimy rune of Zot
 78865 | Zot:1    | Entered Level 1 of the Realm of Zot
 79797 | Zot:1    | Received a gift from Okawaru
 80064 | Zot:2    | Reached XP level 26. HP: 300/309 MP: 29/29
 80900 | Zot:2    | Received a gift from Okawaru
 80944 | Zot:2    | Received a gift from Okawaru
 83799 | Zot:4    | Noticed an orb of fire
 83810 | Zot:4    | Killed an orb of fire
 84079 | Zot:4    | Reached XP level 27. HP: 290/313 MP: 29/29
 84216 | Zot:4    | Received a gift from Okawaru
 84396 | Zot:4    | Received a gift from Okawaru
 84673 | Zot:4    | Received a gift from Okawaru
 84695 | Zot:5    | Entered Level 5 of the Realm of Zot
 84749 | Zot:5    | Noticed an orb of fire
 84760 | Zot:5    | Killed an orb of fire
 84760 | Zot:5    | Reached skill level 15 in Throwing
 85338 | Zot:5    | Noticed an ancient lich
 85340 | Zot:5    | Killed an ancient lich
 85379 | Zot:5    | Noticed an orb of fire
 85387 | Zot:5    | Killed an orb of fire
 85399 | Zot:5    | Received a gift from Okawaru
 85474 | Zot:5    | Noticed an orb of fire
 85476 | Zot:5    | Gained mutation: Your muscles are strong. (Str +2) [an orb of fire]
 85478 | Zot:5    | Gained mutation: You are clumsy. (Dex -2) [an orb of fire]
 85479 | Zot:5    | Killed an orb of fire
 85572 | Zot:5    | Noticed an ancient lich
 85595 | Zot:5    | Killed an ancient lich
 85605 | Zot:5    | Received a gift from Okawaru
 85787 | Zot:5    | Received a gift from Okawaru
 85804 | Zot:5    | Gained mutation: You are very dopey. (Int -4) [a neqoxec]
 85809 | Zot:5    | Reached skill level 27 in Fighting
 85860 | Zot:5    | Received a gift from Okawaru
 86114 | Zot:5    | Got the Orb of Zot
 86135 | Zot:5    | Noticed Ceohi the pandemonium lord
 86140 | Zot:5    | Noticed an orb of fire
 86190 | Zot:5    | Noticed an orb of fire
 86242 | Zot:2    | Noticed a seraph
 86333 | Depths:5 | Noticed Meses the pandemonium lord
 86343 | Depths:5 | Paralysed by Meses for 3 turns
 86373 | Depths:4 | Killed Meses the pandemonium lord
 86479 | D:15     | Lost mutation: You are clumsy. (Dex -2) [potion of cure mutation]
 86479 | D:15     | Lost mutation: You are very dopey. (Int -4) [potion of cure mutation]
 86479 | D:15     | Lost mutation: Scrolls take you a little longer to read. [potion of cure mutation]
 86681 | D:8      | Noticed Ociez the pandemonium lord
 86749 | D:5      | Found an opulent altar of Gozag.
 86863 | D:2      | Noticed Voisear the pandemonium lord
 86911 | D:1      | Noticed Zualeor the pandemonium lord
 86917 | D:$      | Escaped with the Orb!

Skill      XL: |  1  2  3  4  5  6  7  8  9 10 11 12 13 14 15 16 17 18 19 20 21 22 23 24 25 26 27 |
---------------+----------------------------------------------------------------------------------+-----
Fighting       | 2 5 8 11 13 14 16 17 19 20 21 22 23 24 25 26 27 | 27.0
Maces & Flails | 1 2 4 7 9 11 13 15 17 19 21 23 24 25 26 | 26.2
Invocations    | 3 6 8 9 |  9.0
Armour         | 2 8 11 13 15 17 18 20 21 22 23 24 25 | 25.6
Throwing       | 4 5 6 10 12 14 16 | 16.6
Dodging        | |  1.7
Spellcasting   | |  1.2
Hexes          | |  2.1

Action                   |  1- 3 |  4- 6 |  7- 9 | 10-12 | 13-15 | 16-18 | 19-21 | 22-24 | 25-27 || total
-------------------------+-------+-------+-------+-------+-------+-------+-------+-------+-------++-------
Melee: Whip              |   193 |    55 |       |       |       |       |       |       |       ||   248
       Unarmed           |     1 |       |       |       |       |       |       |       |       ||     1
       Flail             |       |   119 |   472 |    27 |       |       |       |       |       ||   618
       Giant club        |       |       |     7 |   513 |  1202 |  1039 |  1147 |       |       ||  3908
       Giant spiked club |       |       |       |       |       |       |    14 |  1552 |  1323 ||  2889
Throw: Large rock        |     4 |    20 |    45 |    39 |    24 |    38 |    18 |     4 |    77 ||   269
       Throwing net      |       |     5 |     3 |       |       |       |       |       |       ||     8
Invok: Heroism           |       |       |       |     6 |    14 |     7 |     9 |     7 |     4 ||    47
       Finesse           |       |       |       |       |     1 |     4 |     2 |     3 |     5 ||    15
Evoke: Wand              |       |       |     5 |    10 |     1 |     7 |    10 |     2 |    37 ||    72
  Use: Potion            |       |     4 |     3 |     4 |     5 |     6 |    10 |     2 |    15 ||    49
       Scroll            |       |       |    12 |    17 |    19 |    17 |    13 |    10 |    18 ||   106
 Stab: Sleeping          |     3 |     4 |     5 |     2 |       |       |       |       |       ||    14
       Invisible         |       |     5 |       |       |     1 |       |       |       |       ||     6
       Held in net/web   |       |     1 |     1 |       |       |       |       |       |       ||     2
       Distracted        |       |       |     2 |     1 |       |       |       |       |       ||     3
       Confused          |       |       |       |       |       |     1 |       |       |       ||     1
  Eat: Chunk             |     3 |     7 |    11 |    15 |    16 |    10 |     3 |    15 |     6 ||    86
       Pizza             |       |       |     2 |     3 |       |       |       |     1 |     1 ||     7
       Meat ration       |       |       |     2 |       |     1 |     3 |     7 |     3 |     6 ||    22
       Fruit             |       |       |     1 |       |    19 |     3 |     4 |     7 |     4 ||    38
       Royal jelly       |       |       |       |     5 |     9 |     6 |       |       |       ||    20
       Beef jerky        |       |       |       |       |     1 |     6 |       |     1 |     1 ||     9
       Bread ration      |       |       |       |       |       |       |       |       |     1 ||     1
Armor: Robe              |    68 |    58 |   117 |   190 |   340 |    14 |       |       |       ||   787
       Skin              |       |    11 |       |       |       |       |       |       |       ||    11
       Fire dragon armou |       |       |       |       |       |   578 |   669 |   887 |   663 ||  2797
       Gold dragon armou |       |       |       |       |       |       |       |       |   217 ||   217
Dodge: Dodged            |   121 |    73 |   195 |   180 |   507 |   337 |   404 |   504 |   364 ||  2685
